 Dungeon Crawl Stone Soup version 0.30-a0-389-g8d7d949f56 (webtiles) character file.

Game seed: 13602272208445935764

948 NinjaNoafa the Shooter (level 7, -20/33 HPs)
             Began as a Spriggan Hunter on Dec 3, 2022.
             Was an Initiate of Fedhas.
             Demolished by an ogre
             ... wielding a +0 giant club
              (30 damage)
             ... on level 6 of the Dungeon.
             The game lasted 00:14:48 (4734 turns).

NinjaNoafa the Shooter (Spriggan Hunter)            Turns: 4734, Time: 00:14:49

Health: -20/33     AC:  2    Str:  7    XL:     7   Next: 89%
Magic:  8/8        EV: 26    Int: 10    God:    Fedhas [......]
Gold:   290        SH:  0    Dex: 33    Spells: 6/6 levels left

rFire   . . .      SeeInvis +    a - +0 shortbow
rCold   . . .      Faith    .    (shield currently unavailable)
rNeg    . . .      Spirit   .    c - +0 robe
rPois   .          Reflect  .    (helmet restricted)
rElec   .          Harm     .    (no cloak)
rCorr   .          Rampage  .    (gloves unavailable)
Will    +....                    (boots unavailable)
Stlth   +++++.....               (no amulet)
HPRegen 0.25/turn                q - +6 ring of dexterity
MPRegen 0.11/turn                l - +6 ring of dexterity

@: flying, studying Maces & Flails, very quick
A: very small, no large weapons, unfitting armour, see invisible, speed 3
a: Renounce Religion


You were on level 6 of the Dungeon.
You worshipped Fedhas.
Fedhas was noncommittal.
You visited 2 branches of the dungeon, and saw 7 of its levels.

You collected 290 gold pieces.

Inventory:

Hand Weapons
 a - a +0 shortbow (weapon)
 b - a +2 dagger of venom
Missiles
 u - 2 poisoned darts
 w - 7 boomerangs
 x - 55 stones
Armour
 c - a +0 robe (worn)
 E - a +0 cloak
Jewellery
 g - a ring of willpower
 l - a +6 ring of dexterity (right hand)
 p - a ring of magical power
 q - a +6 ring of dexterity (left hand)
 C - a ring of ice
Wands
 A - a wand of quicksilver (10)
Scrolls
 d - 14 scrolls of identify {unknown}
 e - 2 scrolls of teleportation {unknown}
 f - a scroll of noise {unknown}
 k - a scroll of amnesia {unknown}
 o - 2 scrolls of silence {unknown}
 r - a scroll of poison {unknown}
 s - 2 scrolls of enchant weapon {unknown}
 t - a scroll of fear {unknown}
 v - a scroll of brand weapon {unknown}
 y - a scroll of magic mapping {unknown}
 B - 3 scrolls of immolation
 D - 2 scrolls of vulnerability {unknown}
Potions
 h - a potion of brilliance {unknown}
 i - a potion of heal wounds {unknown}
 j - a potion of mutation {unknown}
 m - a potion of flight
 n - a potion of lignification {unknown}
 z - a potion of curing


   Skills:
 - Level 1.5 Fighting
 - Level 7.1 Ranged Weapons
 + Level 6.8 Dodging
 - Level 7.0 Stealth
 - Level 3.0 Translocations


You had 6 spell levels left.
You didn't know any spells.
Your spell library contained the following spells:

 Spells                   Type           Power      Damage    Failure   Level
 Apportation              Tloc           12%        N/A       11%         1
 Blink                    Tloc           12%        N/A       17%         2
 Momentum Strike          Conj/Tloc      6%         3d8       30%         2
 Lesser Beckoning         Tloc           12%        N/A       32%         3
 Magic Dart               Conj           0%         1d3       36%         1
 Necrotise                Necr           0%         1d4       36%         1
 Summon Small Mammal      Summ           0%         N/A       36%         1
 Call Imp                 Summ           0%         N/A       50%         2
 Cigotuvi's Dreadful Rot  Necr/Pois/Air  0%         N/A       50%         2
 Poisonous Vapours        Pois/Air       0%         N/A       50%         2
 Mephitic Cloud           Conj/Pois/Air  0%         N/A       75%         3


Dungeon Overview and Level Annotations

Branches:
Dungeon (6/15)             Temple (1/1) D:5

Altars:
Ashenzari
Cheibriados
Elyvilon
Fedhas
Gozag
Hepliaklqana
Makhleb
Nemelex Xobeh
Okawaru
Qazlal
Sif Muna
Vehumet
Wu Jian
Xom
Yredelemnul
Zin

Annotations:
D:3 2 transporters, SirDiesAlot's ghost, amateur DgHu


Innate Abilities, Weirdness & Mutations

You are very small and have problems with some larger weapons.
You are too small for most types of armour.
You have supernaturally acute eyesight. (SInv)
You cover ground extremely quickly. (Speed+++)


Message History

The centaur barely misses you. The centaur completely misses you.
The centaur misses you.
Aiming: Quicksilver Bolt
Press: ? - help, Shift-Dir - straight line, f/p - centaur
Aim: a centaur, wearing a +0 robe (lightly wounded, 83% to hit)
The bolt of dispelling energy hits the centaur!
The centaur is almost dead.
The bolt of dispelling energy hits the hound!
The hound is almost dead.
The bolt of dispelling energy hits the ogre!
The ogre is heavily wounded.
The centaur closely misses you. The centaur completely misses you.
Aiming: Quicksilver Bolt
Press: ? - help, Shift-Dir - straight line, f/p - centaur
Aim: a centaur, wearing a +0 robe (almost dead, 83% to hit)
The bolt of dispelling energy misses the centaur.
The bolt of dispelling energy hits the hound!
You kill the hound!
Fedhas appreciates your contribution to the ecosystem.
The bolt of dispelling energy hits the ogre!
You kill the ogre!
Fedhas appreciates your contribution to the ecosystem.
The centaur barely misses you. The centaur closely misses you.
The centaur completely misses you. The centaur closely misses you.
Training target 3.0 for Translocations reached!
Your Translocations skill gained 2 levels and is now at level 3!
You need to enable at least one skill for training.
Things that are here:
a +0 dagger; a +0 robe
Aiming: Quicksilver Bolt
Press: ? - help, Shift-Dir - straight line, f/p - centaur
Aim: a centaur, wearing a +0 robe (almost dead, 83% to hit)
The bolt of dispelling energy hits the ogre!
The ogre is heavily wounded.
The bolt of dispelling energy misses the centaur.
You hear a shout!
The ogre hits you with a +0 giant club!!
Ouch! That really hurt!
You die...
Fedhas appreciates your contribution to the ecosystem.

..# #.#
..# ###)#
#..†#
#.#.#
#..c#
#)#O#
#..@#
#.#.#
#...#
###.# #..#
#.## ###.#
#####...#
##..>..###


You could see an ogre and a centaur.

Vanquished Creatures
  An ice beast (D:5)
  3 ogres
  A centaur (D:5)
  2 scorpions
  3 hounds
  3 iguanas
  2 orc wizards
  6 adders
  2 worms
  3 dart slugs
  16 orcs
  10 endoplasms
  A giant cockroach (D:2)
  15 goblins
  6 hobgoblins
  4 jackals
  5 quokkas
  8 ball pythons
  4 bats
  5 frilled lizards
  9 kobolds
  5 rats
114 creatures vanquished.

Notes
Turn   | Place    | Note
-------+----------+-------------------------------------------
     0 | D:1      | NinjaNoafa the Spriggan Hunter began the quest for the Orb.
     0 | D:1      | Reached XP level 1. HP: 10/10 MP: 2/2
   146 | D:1      | Reached XP level 2. HP: 14/14 MP: 3/3
   534 | D:2      | Reached XP level 3. HP: 18/18 MP: 4/4
   795 | D:2      | Found a faded altar of an unknown god.
   877 | D:2      | Identified the +8 hand axe of Witzedgh {spect, *Noise rElec
                  | rN++ Int-5}
  1415 | D:3      | Reached XP level 4. HP: 21/22 MP: 5/5
  1591 | D:3      | Found a transporter.
  1624 | D:3      | Noticed SirDiesAlot's ghost (amateur DgHu)
  2179 | D:4      | Reached skill level 5 in Ranged Weapons
  2461 | D:3      | Found a transporter.
  2658 | D:4      | Reached XP level 5. HP: 25/25 MP: 6/6
  2950 | D:4      | Reached skill level 5 in Stealth
  2997 | D:4      | Reached XP level 6. HP: 26/30 MP: 7/7
  3190 | D:4      | Reached skill level 5 in Dodging
  3479 | D:5      | Entered Level 5 of the Dungeon
  3513 | D:5      | Noticed an ice beast
  3539 | D:5      | Killed an ice beast
  3731 | D:5      | Reached XP level 7. HP: 15/33 MP: 8/8
  4320 | D:5      | Found a staircase to the Ecumenical Temple.
  4329 | Temple   | Entered the Ecumenical Temple
  4491 | Temple   | Became a worshipper of Fedhas Madash
  4714 | D:6      | Reached skill level 1 in Translocations
  4734 | D:6      | Demolished by an ogre

Illustrated notes

Levels and vault maps discovered:
D:1:      amcnicky_arrival_gap_in_the_tavern_cellar, layout_rooms,
          kennysheep_crisscross, minmay_misc_feat_tower,
          hangedman_abyss_or_decor_lesser_grid
D:2:      layout_basic, ebering_ecumenical_altar_webs
D:3:      layout_loops_cross, gammafunk_ghost_mausoleum
D:4:      layout_basic, minmay_fractal_squares_5
D:5:      layout_basic, temple_hall
D:6:      layout_rooms, nicolae_uskayaw_dance_hall, jmf_multi_god_temple,
          minmay_misc_feat_room, hangedman_minor_gate_pass
Temple:   eino_temple_rhombus

Skill      XL: |  1  2  3  4  5  6  7 |
---------------+----------------------+-----
Dodging        | 3 4 5 6 |  6.8
Stealth        | 2 3 4 5 6 7 |  7.0
Ranged Weapons | 5 6 7 |  7.1
Translocations | 3 |  3.0
Fighting       | |  1.5

Action                   |  1- 3 |  4- 6 |  7- 9 || total
-------------------------+-------+-------+-------++-------
Melee: Dagger            |       |     4 |       ||     4
 Fire: Shortbow          |    98 |   152 |    40 ||   290
Evoke: Wand              |       |       |     3 ||     3
  Use: Potion            |       |       |     2 ||     2
Armor: Robe              |     6 |     7 |     2 ||    15
Dodge: Dodged            |    28 |    61 |    24 ||   113

Table legend: (Time is in decaauts)
 A = Elapsed time spent in this place.
 B = Non-inter-level travel time spent in this place.
 C = Inter-level travel time spent in this place.
 D = Time resting spent in this place.
 E = Time spent auto-exploring this place.
 F = Levels seen in this place.
 G = Mean time per level.
                   A        B        C        D        E       F      G
               +--------+--------+--------+--------+--------+-----+--------+
         Total |   3205 |   2966 |    239 |     50 |   2100 |   7 |  457.9 |
       Dungeon |   3100 |   2874 |    226 |     50 |   2019 |   6 |  516.7 |
        Temple |    105 |     93 |     12 |      0 |     81 |   1 |  105.0 |
               +--------+--------+--------+--------+--------+-----+--------+

Top non-repeatable levels by time:
     D:4: 762 daAuts
     D:5: 747 daAuts
     D:2: 635 daAuts
     D:3: 559 daAuts
     D:1: 356 daAuts
  Temple: 105 daAuts
     D:6: 40 daAuts
